 Dungeon Crawl Stone Soup version 0.29.1-13-g9f3cf754e1 (webtiles) character file.

Game seed: 9299394114227915587

98 BeingJoeMalik the Sneak (level 4, -3/38 HPs)
             Began as a Naga Enchanter on Feb 6, 2023.
             Killed by divine providence
             ... invoked by an orc priest
              (13 damage)
             ... on level 3 of the Dungeon.
             The game lasted 00:05:32 (3344 turns).

BeingJoeMalik the Sneak (Naga Enchanter)            Turns: 3344, Time: 00:05:32

Health: -3/38      AC:  2    Str: 17    XL:     4   Next: 69%
Magic:  7/7        EV: 13    Int: 17    God:
Gold:   133        SH:  0    Dex: 11    Spells: 2/7 levels left

rFire   . . .      SeeInvis +   a - +1 dagger
rCold   . . .      Faith    .   (no shield)
rNeg    . . .      Spirit   .   b - +0 robe
rPois   +          Reflect  .   (no helmet)
rElec   .          Harm     .   (no cloak)
rCorr   .          Rampage  .   (no gloves)
Will    .....                   (no barding)
Stlth   ++........              (no amulet)
HPRegen 0.12/turn               m - +4 ring of evasion
MPRegen 0.10/turn               n - +6 ring of strength

@: short of breath, invisible, very slow
A: AC +1, large, see invisible, deformed body, poison resistance, slowness 2,
spit poison 1, naga tail 1
a: Spit Poison


You were on level 3 of the Dungeon.
You visited 1 branch of the dungeon, and saw 3 of its levels.

You collected 133 gold pieces.

Inventory:

Hand Weapons
 a - a +1 dagger (weapon)
Armour
 b - a +0 robe (worn)
 p - an orb of energy
Jewellery
 m - a +4 ring of evasion (left hand)
 n - a +6 ring of strength (right hand)
Scrolls
 d - 3 scrolls of butterflies {unknown}
 e - a scroll of brand weapon {unknown}
 g - a scroll of blinking {unknown}
 k - a scroll of identify {unknown}
 r - a scroll of immolation {unknown}
Potions
 c - a potion of invisibility
 f - 2 potions of lignification {unknown}
 h - 3 potions of might {unknown}
 i - 3 potions of curing
 j - a potion of cancellation {unknown}
 l - 3 potions of resistance {unknown}
 o - a potion of magic {unknown}
 q - a potion of flight {unknown}


   Skills:
 - Level 1.5 Fighting
 + Level 3.3 Short Blades
 - Level 1.5 Dodging
 - Level 4.4 Stealth
 - Level 2.0 Spellcasting
 - Level 3.5 Hexes


You had 2 spell levels left.
You knew the following spells:

 Your Spells              Type           Power      Damage    Failure   Level
a - Ensorcelled Hibernat  Hex/Ice        14%        N/A       14%         2
b - Mephitic Cloud        Conj/Pois/Air  1%         N/A       50%         3

Your spell library contained the following spells:

 Spells                   Type           Power      Damage    Failure   Level
 Confusing Touch          Hex            13%        N/A       14%         3
 Tukima's Dance           Hex            13%        N/A       14%         3
 Dazzling Flash           Conj/Hex       14%        N/A       28%         3
 Ignite Poison            Fire/Tmut/Pois 1%         N/A       50%         3
 Freezing Cloud           Conj/Ice/Air   0%         6-21      99%         5


Dungeon Overview and Level Annotations

Branches:
Dungeon (3/15)

Altars:


Innate Abilities, Weirdness & Mutations

Your serpentine skin is tough. (AC +1)
You have supernaturally acute eyesight. (SInv)
Armour fits poorly on your strangely shaped body.
Your system is resistant to poisons. (rPois)
You cover ground very slowly.
You can spit poison.
You have a snake-like lower body.


Message History

The orc wizard is severely wounded.
The orc wizard misses you.
Unknown command.
You closely miss the orc wizard.
The orc wizard is severely wounded.
You have got your breath back.
Unknown command.
Aiming: Spit Poison (1% risk of failure)
Press: ? - help, Q - select action, (/) - cycle Shift-Dir - straight line, f/p - orc priest
Aim: an orc priest, wielding a +0 hand axe (unable to see you, 59% to hit)
The splash of poison hits the orc wizard.
The orc wizard is poisoned.
You kill the orc wizard!
The orc priest mumbles some strange prayers to Beogh against something.
The orc priest hits you with a +0 hand axe.
The orc priest misses you.
Items here: $ ( ) †.
You are too injured to fight recklessly!
You completely miss the orc priest. The orc priest barely misses you. x2
You completely miss the orc priest. The orc priest barely misses you.
You hit the orc priest.
The orc priest is lightly wounded.
You hit the orc priest.
The orc priest is moderately wounded.
You have got your breath back.
The orc priest barely misses you. The orc priest closely misses you.
You closely miss the orc priest.
The orc priest is moderately wounded.
The orc priest barely misses you.
The orc priest hits you with a +0 flail.
* * * LOW HITPOINT WARNING * * *
Unknown command.
Aiming: Spit Poison (1% risk of failure)
Press: ? - help, Q - select action, (/) - cycle Shift-Dir - straight line, f/p - orc priest
Aim: an orc priest, wielding a +0 hand axe (unable to see you, 59% to hit)
The splash of poison hits the orc priest.
The orc priest is moderately wounded.
The orc priest calls down the wrath of Beogh upon you.
Beogh smites you!
You die...

#.# #.# #.# #.#
#.#
#######.#######
.....>........#
####.....#.##.#
.#####.#....##
......o##....##.
###o@.........
#.###....#.# #.
##.#.# # #.
..... #. ......
.. #...## #.
#.## ##


You could see 2 orc priests.

Vanquished Creatures
  An orc wizard (D:3)
  2 adders (D:2)
  2 dart slugs (D:1)
  5 orcs
  5 ball pythons
  5 bats
  5 endoplasms
  4 giant cockroaches
  7 hobgoblins
  4 jackals (D:1)
  2 kobolds
  5 quokkas
  2 frilled lizards (D:1)
  2 goblins (D:1)
  4 rats
55 creatures vanquished.

Notes
Turn   | Place    | Note
-------+----------+-------------------------------------------
     0 | D:1      | BeingJoeMalik the Naga Enchanter began the quest for the
                  | Orb.
     0 | D:1      | Reached XP level 1. HP: 15/15 MP: 3/3
   246 | D:1      | Reached XP level 2. HP: 16/24 MP: 5/5
   502 | D:1      | Learned a level 2 spell: Ensorcelled Hibernation
   668 | D:1      | Reached skill level 1 in Fighting
   926 | D:1      | Reached XP level 3. HP: 31/31 MP: 6/6
  2227 | D:2      | Learned a level 3 spell: Mephitic Cloud
  2274 | D:2      | Reached XP level 4. HP: 38/38 MP: 7/7
  3344 | D:3      | Killed from afar by an orc priest

Illustrated notes

Levels and vault maps discovered:
D:1:      wheals_arrival_linesprint, layout_loops_ring
D:2:      layout_basic
D:3:      layout_loops_ring, beargit_hepliaklqana_dungeon_heroes

Skill      XL: |  1  2  3  4 |
---------------+-------------+-----
Fighting       | 1 |  1.5
Short Blades   | 2 3 |  3.3
Dodging        | |  1.5
Stealth        | |  4.4
Spellcasting   | |  2.0
Hexes          | |  3.5

Action                   |  1- 3 |  4- 6 || total
-------------------------+-------+-------++-------
Melee: Dagger            |    96 |    65 ||   161
       Punch             |     1 |       ||     1
 Abil: Spit Poison       |    15 |     7 ||    22
  Use: Potion            |       |     2 ||     2
 Stab: Distracted        |     2 |       ||     2
       Sleeping          |     5 |     4 ||     9
Armor: Robe              |    14 |     9 ||    23
Dodge: Dodged            |    44 |    47 ||    91
